 Dungeon Crawl Stone Soup version 0.30-a0-377-g5cb311bc9f (webtiles) character file.

Game seed: 3993574163878334727

73 bande the Covered (level 4, 0/29 HPs)
             Began as a Gargoyle Fighter on Nov 28, 2022.
             Slain by a gnoll
             ... wielding a +0 halberd
              (9 damage)
             ... on level 3 of the Dungeon.
             The game lasted 00:03:28 (1855 turns).

bande the Covered (Gargoyle Fighter)                Turns: 1855, Time: 00:03:29

Health: 0/29       AC: 10    Str: 20    XL:     4   Next: 27%
Magic:  4/4        EV:  9    Int:  8    God:
Gold:   156        SH:  5    Dex: 11    Spells: 3/3 levels left

rFire   . . .      SeeInvis .    m - +0 broad axe
rCold   . . .      Faith    .    c - +1 buckler
rNeg    + . .      Spirit   .    b - +0 scale mail
rPois   ∞          Reflect  .    (no helmet)
rElec   +          Harm     .    (no cloak)
rCorr   .          Rampage  .    (no gloves)
Will    .....                    (no boots)
Stlth   ..........               (no amulet)
HPRegen 0.24/turn                (no ring)
MPRegen 0.09/turn                (no ring)

@: no status effects
A: sickness immunity, AC +3, negative energy resistance 1, electricity
resistance, torment resistance 1, petrification resistance
a: no special abilities


You were on level 3 of the Dungeon.
You visited 1 branch of the dungeon, and saw 3 of its levels.

You collected 156 gold pieces.

Inventory:

Hand Weapons
 a - a +0 war axe
 e - a +0 flail
 m - a +0 broad axe (weapon)
Armour
 b - a +0 scale mail (worn)
 c - a +1 buckler (worn)
Scrolls
 f - 2 scrolls of enchant armour
 h - a scroll of teleportation
Potions
 d - 2 potions of might
 g - a potion of magic {unknown}
 i - a potion of flight {unknown}
 j - a potion of mutation {unknown}
 k - a potion of degeneration {unknown}
 l - a potion of resistance {unknown}
 n - a potion of brilliance {unknown}
 o - 2 potions of heal wounds {unknown}
 p - 3 potions of curing {unknown}


   Skills:
 + Level 3.8 Fighting
 + Level 3.0 Axes
 + Level 3.9 Armour
 + Level 3.5 Shields


You had 3 spell levels left.
You didn't know any spells.
Your spell library contained the following spells:

 Spells                   Type           Power      Damage    Failure   Level
 Foxfire                  Conj/Fire      0%         2x1d4     85%         1
 Ozocubu's Armour         Ice            0%         N/A       99%         3
 Fireball                 Conj/Fire      0%         3d3       100%        5
 Starburst                Conj/Fire      0%         6d3       100%        6
 Ozocubu's Refrigeration  Ice            0%         4d7       100%        7


Dungeon Overview and Level Annotations

Branches:
Dungeon (3/15)

Altars:
Vehumet

Shops:
D:1 (


Innate Abilities, Weirdness & Mutations

You are immune to sickness and miasma.
Your stone body is resilient. (AC +3)
You are immune to poison.
You resist negative energy. (rN+)
You are resistant to electric shocks. (rElec)
You are resistant to unholy torment.
You are immune to petrification.


Message History

The hobgoblin hits you.
A gnoll comes into view. It is wielding a +0 whip.
You closely miss the hobgoblin.
The gnoll shouts!
You hear a shout! x3
You block the hobgoblin's attack.
A gnoll comes into view. It is wielding a +0 halberd.
You slash the hobgoblin!
You kill the hobgoblin!
The adder falls through a shaft!
The shaft crumbles and collapses.
You slash the gnoll!
The gnoll is severely wounded.
A kobold comes into view. It is wielding a +0 whip.
The gnoll completely misses you. The gnoll barely misses you.
You closely miss the gnoll.
The gnoll is severely wounded.
The gnoll hits you but does no damage. x2
A gnoll comes into view.
It is wielding a +1 flail of protection.
You block the gnoll's attack.
The gnoll hits you from afar with a +0 halberd!
You slash the gnoll!
You kill the gnoll!
The gnoll hits you from afar with a +0 halberd.
Your Axes skill increases to level 3!
You are too injured to fight recklessly!
You are too injured to fight recklessly!
You are too injured to fight recklessly!
You are too injured to fight recklessly!
You are too injured to fight recklessly!
You are too injured to fight recklessly!
You are too injured to fight recklessly!
You are too injured to fight recklessly!
You are too injured to fight recklessly!
Unknown command.
You block the gnoll's attack.
You barely miss the gnoll. The gnoll closely misses you. x2
The gnoll hits you with a +1 flail of protection.
The gnoll barely misses you.
You barely miss the gnoll. The gnoll barely misses you.
The gnoll hits you from afar with a +0 halberd!
You die...

.### ..# ... #.....
#..#.# #.##K#
#.##g# #.##.#
#.##@# #.##g####..#
########.##.......<
.......[...#####..#
#####.#..#.#####..
.. #...<....... #.#
## #..#.#####.# #.#
#..#.# #.# #.#
#..#.# #.# #.###


You could see 2 gnolls and a kobold.

Vanquished Creatures
  A gnoll (D:3)
  An adder (D:2)
  3 worms (D:2)
  2 dart slugs (D:2)
  4 bats
  2 endoplasms
  2 giant cockroaches
  3 goblins
  4 hobgoblins
  3 quokkas
  6 ball pythons
  A frilled lizard (D:2)
  7 kobolds
  4 rats (D:2)
43 creatures vanquished.

Notes
Turn   | Place    | Note
-------+----------+-------------------------------------------
     0 | D:1      | bande the Gargoyle Fighter began the quest for the Orb.
     0 | D:1      | Reached XP level 1. HP: 14/14 MP: 1/1
   294 | D:1      | Reached XP level 2. HP: 19/19 MP: 2/2
   407 | D:1      | Found Carrasor's Antique Weapon Boutique.
   823 | D:2      | Reached XP level 3. HP: 4/23 MP: 3/3
  1197 | D:2      | Found a radiant altar of Vehumet.
  1460 | D:2      | Reached XP level 4. HP: 29/29 MP: 4/4
  1839 | D:3      | Identified the +0 scale mail of an ice cave {*Slow rC+
                  | Stlth+}
  1855 | D:3      | Slain by a gnoll

Illustrated notes

Levels and vault maps discovered:
D:1:      dpeg_arrival_renting, layout_basic, serial_shops, shop
D:2:      layout_loops_ring, basic_altar, minmay_heptomino_w4
D:3:      minmay_octagon_keep, layout_loops_ring, kennysheep_ying_yang,
          nicolae_overflow_two_pavilions, uniq_ijyb, uniq_natasha

Skill      XL: |  1  2  3  4 |
---------------+-------------+-----
Axes           | 2 3 |  3.0
Fighting       | |  3.8
Armour         | |  3.9
Shields        | |  3.5

Action                   |  1- 3 |  4- 6 || total
-------------------------+-------+-------++-------
Melee: War axe           |   104 |    16 ||   120
       Broad axe         |       |     7 ||     7
  Use: Scroll            |     4 |       ||     4
Armor: Scale mail        |    67 |    16 ||    83
Dodge: Dodged            |    47 |    11 ||    58
Block: Buckler           |    26 |     7 ||    33

Table legend: (Time is in decaauts)
 A = Elapsed time spent in this place.
 B = Non-inter-level travel time spent in this place.
 C = Inter-level travel time spent in this place.
 D = Time resting spent in this place.
 E = Time spent auto-exploring this place.
 F = Levels seen in this place.
 G = Mean time per level.
                   A        B        C        D        E       F      G
               +--------+--------+--------+--------+--------+-----+--------+
         Total |   1906 |   1906 |      0 |    336 |   1214 |   3 |  635.3 |
       Dungeon |   1906 |   1906 |      0 |    336 |   1214 |   3 |  635.3 |
               +--------+--------+--------+--------+--------+-----+--------+

Top non-repeatable levels by time:
     D:2: 1170 daAuts
     D:1: 663 daAuts
     D:3: 72 daAuts
